B'harr, chaotic male orcish Rogue ----------- ------- |.[[[[[[[[| #-.....| |[[)[[[.[[| #|...^.-############ ------------- |.[).[[[)[| #|.....| ##............| |...[.....| ##-....{| ###|...........| -------|--- #`|.....| |...........| # ####-----.- |...........| # ## ---------.-+- # #### ### # ###### ### ## ### ### ----.--### # |.....-# ### |.....|# --.-@- |.....+ |....| |.....| |..<.. ------- |....| |....| ------ B'harr the Cutpurse Experience level: 3 Strength: 14 Dexterity: 18 Constitution: 13 Intelligence: 13 Wisdom: 9 Charisma: 8 Health: 6(24) Energy: 10(10) Def: 2 Gold: 201 Moves: 1485 Dungeon seed: KF2fIcYH0Y6bapqu Game ID: B'harr_1546956477 Your Inventory: Coins $ - 201 gold pieces Weapons a - a +0 orcish short sword (weapon in hand) b - 5 +0 orcish daggers (in quiver) m - a cursed -2 long sword q - a +0 arrow w - a +0 boomerang x - a +0 orcish dagger Armor e - an uncursed +1 leather armor (being worn) n - a cursed -2 oilskin cloak (being worn) Comestibles h - 3 uncursed tripe rations k - 2 uncursed pancakes p - 3 uncursed food rations u - an uncursed lembas wafer Scrolls j - an uncursed scroll of blank paper t - an uncursed scroll of identify Spellbooks s - an uncursed spellbook of confuse monster Potions c - an uncursed potion of sickness o - an uncursed potion of object detection Wands i - a wand of undead turning (0:1) Tools d - an uncursed lock pick f - an uncursed sack g - an uncursed blindfold Spells and supernatural/magical abilities: Name Level Category Fail Memory u - confuse monster 2 enchantment 100% 98% W - pray for help -- divine ? -- Your skills at the end: Fighting Skills Weapon Skills dagger [Basic] short sword [Basic] Spellcasting Skills Final Attributes: You were piously aligned. You were poison resistant. You had infravision. You were stealthy. You survived. Vanquished creatures: 2 shriekers 2 jackals a kobold 5 grid bugs 2 lichens a kobold zombie 5 newts 18 creatures vanquished. Voluntary challenges: You followed a strict vegan diet. You used a wielded weapon 18 times, starting on turn 1. You read items or engraved 7 times, starting on turn 152. You never genocided any monsters. You never polymorphed an object. You never changed form. You used no wishes. You never split a pudding. You wrote Elbereth's name 3 times, starting on turn 152. You never violated your personal moral code. Dungeon overview: The Dungeons of Doom: levels 1 to 4 Level 1 a sink a long staircase Level 2 Level 3 a general store, a fountain a long staircase Level 4 <- You were here an armor shop, a fountain History has recorded: On T:1 you entered the Dungeons of Doom to retrieve the Amulet of Yendor! On T:463 you reached level 2 of The Dungeons of Doom. On T:868 you advanced to experience level 2. On T:894 you reached level 3 of The Dungeons of Doom. On T:1280 you reached level 4 of The Dungeons of Doom. On T:1284 you advanced to experience level 3. Score breakdown: Gold: 201 ( 7842 points) Experience: 3 levels ( 7878 points) Exploration: 4 levels ( 8.70%) ( 7745 points) Discoveries: 5 items ( 1.74%) ( 3959 points) Valuables value: (no points given unless you survive) Artifact value: 0 ( 0 points) Variety of kills: 7 monsters ( 1.84%) ( 4066 points) Turncount: 1485 turns ( 0 points) Survival: quit (score multiplied by 90%) Total score: 28341 Latest messages: You are now wearing an oilskin cloak. Oops! That feels deathly cold. The oilskin cloak fits very tightly. As you read the scroll, it disappears. You hear maniacal laughter close by. (You can name a scroll labeled ELAM EBOW from the item naming menu.) As you read the scroll, it disappears. You are now wearing a circular amulet. Oops! That feels deathly cold. It constricts your throat! You begin praying to Kos. You are surrounded by a shimmering light. You feel that Kos is well-pleased. Your amulet vanishes! You can breathe again. The sack is empty. The sack is empty. Final status: Goodbye B'harr the Rogue, quit... You quit in The Dungeons of Doom on dungeon level 4 with 28341 points, and 201 pieces of gold, after 1485 moves. You were level 3 with a maximum of 24 hit points when you quit.